 Dungeon Crawl Stone Soup version 0.19.1-1-g22dce08 (webtiles) character file.

9331 dngmouse the Cleaver (level 11, 0/105 HPs)
             Began as a Hill Orc Fighter on Jan 16, 2017.
             Was a High Priest of Okawaru.
             Killed by vampiric draining
             ... invoked by a vampire
              (13 damage)
             ... on level 11 of the Dungeon.
             The game lasted 00:28:54 (9707 turns).

dngmouse the Cleaver (Hill Orc Fighter)             Turns: 9707, Time: 00:28:55

Health: 0/105      AC: 25    Str: 21 (23) XL:     11   Next: 44%
Magic:  11/18      EV:  7    Int:  8      God:    Okawaru [*****.]
Gold:   499        SH: 11    Dex:  8 (10) Spells: 0 memorised, 10 levels left

rFire  . . .     SeeInvis .     q - +0 broad axe
rCold  . . .     Gourm    .     M - +0 plate armour
rNeg   . . .     Faith    .     c - +0 shield
rPois  .         Spirit   .     i - +0 helmet
rElec  .         Reflect  .     C - +2 cloak {MR+}
rCorr  .         Harm     .     (no gloves)
MR     +....                    (no boots)
Stlth  ..........               (no amulet)
                                v - +5 ring of protection
                                (no ring)

@: heroism, finesse
A: no striking features
a: Heroism, Finesse, Renounce Religion


You were on level 11 of the Dungeon.
You worshipped Okawaru.
Okawaru was extremely pleased with you.
You were not hungry.

You visited 2 branches of the dungeon, and saw 11 of its levels.

You collected 499 gold pieces.

Inventory:

Hand Weapons
 q - a +0 broad axe (weapon)
Missiles
 b - 4 poisoned tomahawks (quivered)
 B - 3 javelins
 H - 8 tomahawks
Armour
 c - a +0 shield (worn)
 i - a +0 helmet (worn)
 C - a +2 cloak of magic resistance (worn)
 M - a +0 plate armour (worn)
Jewellery
 p - an uncursed ring of protection from fire {unknown}
 r - a +2 ring of intelligence
 v - a +5 ring of protection (right hand)
 N - an uncursed amulet of faith
Wands
 s - a wand of iceblast (6/15)
 t - a wand of paralysis (11/24)
 D - a wand of random effects (10/48)
 F - a wand of acid (5/15)
Scrolls
 e - 10 scrolls of identify
 h - 2 scrolls of noise {unknown}
 j - 5 scrolls of remove curse
 k - a scroll of fear {unknown}
 l - a scroll of holy word {unknown}
 n - 2 scrolls of blinking {unknown}
 w - a scroll of recharging {unknown}
 y - 5 scrolls of amnesia {unknown}
 G - a scroll of summoning {unknown}
 I - 3 scrolls of enchant weapon {unknown}
 J - a scroll of enchant armour {unknown}
 K - a scroll of teleportation {unknown}
Potions
 d - 3 potions of might
 m - 2 potions of curing
 u - a potion of agility
Comestibles
 a - a chunk of flesh
 f - 11 bread rations
 g - 2 meat rations
 o - a beef jerky
 x - a slice of pizza
 E - 5 fruits


   Skills:
 * Level 12.7(17.7) Fighting
 - Level 14.0(19.0) Axes
 + Level 6.1(11.1) Armour
 - Level 3.2(8.2) Shields
 + Level 9.6 Invocations


You had 10 spell levels left.
You didn't know any spells.

Dungeon Overview and Level Annotations

Branches:
Dungeon (9/15)             Temple (1/1) D:4            Lair (0/6) D:11
    Orc: D:9-12

Altars:
Ashenzari
Cheibriados
Dithmenos
Elyvilon
Fedhas
Gozag
Hepliaklqana
Kikubaaqudgha
Makhleb
Nemelex Xobeh
Okawaru
Qazlal
Ru
Sif Muna
Uskayaw
Vehumet
Xom
Yredelemnul
Zin
The Shining One

Shops:
D:4 }


Message History

Something draws strength from your injuries!
You closely miss something. You hit something but do no damage.
Something hits you but does no damage. You block something's attack.
You completely miss something. You slice something!!
You closely miss something. Something hits you but does no damage.
Something bites you.
* * * LOW HITPOINT WARNING * * *
Something draws strength from your injuries!
You hit something but do no damage. You miss something. Something hits you.
* * * LOW HITPOINT WARNING * * *
Something bites you.
* * * LOW HITPOINT WARNING * * *
Something draws strength from your injuries!
Your shield and plate armour prevent you from hitting something.
You miss something. You barely miss something.
Unholy energy fills the air.
You die...

#..#
#..#
####..#
#.....#
#.###.#
# #.#
#.# #.#
#@# #{#
#.# ...
.....
.##.##.
#. #.#
## #
#.. #..


There were no monsters in sight!

Vanquished Creatures
  A tengu warrior (D:11)
  2 ugly things (D:11)
  Psyche (D:9)
  A troll (D:11)
  3 hippogriffs (D:8)
  A shadow (D:11)
  2 hungry ghosts
  Grum (D:8)
  14 yaks
  A steam dragon (D:8)
  Menkaure (D:7)
  2 porcupines (D:11)
  An orc warrior (D:8)
  2 ice beasts (D:8)
  2 black bears
  An eye of draining (D:8)
  A sky beast (D:8)
  2 phantoms
  2 wolves (D:8)
  3 ogres
  3 centaurs
  A crocodile (D:11)
  3 bullfrogs
  A wyvern skeleton (D:8)
  2 scorpions
  6 killer bees (D:11)
  8 wights (D:8)
  A howler monkey (D:6)
  A bullfrog zombie (D:8)
  A centaur zombie (D:5)
  4 crimson imps
  Crazy Yiuf (D:7)
  4 hounds
  2 orc priests
  8 orc wizards
  2 iguanas
  8 worker ants
  2 killer bee zombies
  2 hound skeletons (D:6)
  A worker ant zombie (D:7)
  A howler monkey skeleton (D:8)
  19 adders
  4 river rats (D:11)
  A shadow imp (D:6)
  An ooze (D:4)
  2 adder skeletons
  3 worms
  2 dart slugs (D:3)
  3 leopard geckos
  52 orcs
  6 bats
  7 giant cockroaches
  3 goblins
  5 hobgoblins
  10 jackals
  4 quokkas
  4 ball pythons
  A ball python skeleton (D:4)
  5 frilled lizards
  A giant cockroach zombie (D:6)
  6 kobolds
  A quokka skeleton (D:9)
  9 rats
255 creatures vanquished.

Vanquished Creatures (others)
  An adder zombie (D:8)
  3 plants (D:11)
4 creatures vanquished.

Grand Total: 259 creatures vanquished

Notes
Turn   | Place    | Note
-------+----------+-------------------------------------------
     0 | D:1      | dngmouse the Hill Orc Fighter began the quest for the Orb.
     0 | D:1      | Reached XP level 1. HP: 19/19 MP: 1/1
   101 | D:1      | Reached skill level 3 in Axes
   256 | D:1      | Reached XP level 2. HP: 26/27 MP: 2/2
   800 | D:2      | Found a sacrificial altar of Ru.
   807 | D:2      | Reached skill level 4 in Axes
   810 | D:2      | Reached XP level 3. HP: 32/33 MP: 3/3
  1603 | D:3      | Reached skill level 5 in Axes
  1618 | D:3      | Reached XP level 4. HP: 30/40 MP: 4/4
  2144 | D:3      | Found a burning altar of Makhleb.
  2388 | D:4      | Reached skill level 6 in Axes
  2388 | D:4      | Reached XP level 5. HP: 41/46 MP: 5/5
  2742 | D:4      | Noticed an ogre
  2749 | D:4      | Killed an ogre
  2749 | D:4      | Reached skill level 7 in Axes
  2863 | D:4      | Noticed a phantom
  2871 | D:4      | Reached XP level 6. HP: 37/52 MP: 6/6
  2891 | D:4      | Killed a phantom
  2891 | D:4      | Reached skill level 8 in Axes
  3168 | D:4      | Reached skill level 9 in Axes
  3197 | D:4      | Found Timeecir's Gadget Shop.
  3209 | D:4      | Found a deep blue altar of Sif Muna.
  3253 | D:4      | Found a sparkling altar of Nemelex Xobeh.
  3284 | D:4      | Found a staircase to the Ecumenical Temple.
  3299 | Temple   | Entered the Ecumenical Temple
  3366 | Temple   | Became a worshipper of Warmaster Okawaru
  3847 | D:5      | Entered Level 5 of the Dungeon
  3860 | D:5      | Reached XP level 7. HP: 58/59 MP: 7/7
  4031 | D:5      | Found a glowing golden altar of the Shining One.
  4041 | D:5      | Reached skill level 10 in Axes
  4927 | D:6      | Reached * piety under Okawaru
  4927 | D:6      | Reached skill level 11 in Axes
  5018 | D:6      | Reached XP level 8. HP: 32/66 MP: 8/8
  5134 | D:6      | Reached skill level 12 in Axes
  5179 | D:6      | HP: 3/66 [centaur (7)]
  5674 | D:7      | Found a snail-covered altar of Cheibriados.
  5828 | D:7      | Reached skill level 13 in Axes
  5843 | D:7      | Found a shadowy altar of Dithmenos.
  5898 | D:7      | Reached ** piety under Okawaru
  5939 | D:7      | Noticed Menkaure
  5948 | D:7      | Killed Menkaure
  6356 | D:7      | Found a runed door.
  6437 | D:7      | Reached XP level 9. HP: 67/71 MP: 9/9
  6466 | D:7      | Reached skill level 14 in Axes
  6532 | D:7      | Reached skill level 1 in Invocations
  6689 | D:7      | Reached skill level 5 in Fighting
  6960 | D:7      | Noticed Crazy Yiuf
  6967 | D:7      | Killed Crazy Yiuf
  6979 | D:7      | Got a steaming mace
  6980 | D:7      | Identified the +4 mace "Jiynit" {freeze, +Fly rF+ rC- Int+4} (You found it on level 7 of the Dungeon)
  7266 | D:8      | Reached *** piety under Okawaru
  7706 | D:8      | Reached skill level 5 in Invocations
  7724 | D:8      | Noticed Grum
  7753 | D:8      | Killed Grum
  7753 | D:8      | Reached XP level 10. HP: 12/91 MP: 14/14
  8173 | D:8      | Reached **** piety under Okawaru
  8203 | D:8      | Reached skill level 10 in Fighting
  8411 | D:8      | Found a stormy altar of Qazlal.
  8776 | D:9      | Reached ***** piety under Okawaru
  8911 | D:9      | Found a shimmering altar of Xom.
  8930 | D:9      | Noticed Psyche
  8941 | D:9      | Killed Psyche
  8982 | D:9      | You fall through a shaft for 2 floors!
  9071 | D:11     | Noticed a tengu warrior
  9073 | D:11     | Noticed a brown ugly thing
  9088 | D:11     | Killed a tengu warrior
  9088 | D:11     | Reached XP level 11. HP: 103/103 MP: 14/17
  9089 | D:11     | Reached skill level 5 in Armour
  9129 | D:11     | Killed a cyan ugly thing
  9493 | D:11     | Found a staircase to the Lair.
  9634 | D:11     | Noticed a red ugly thing
  9645 | D:11     | Killed a red ugly thing
  9707 | D:11     | Killed from afar by a vampire

Skill      XL: |  1  2  3  4  5  6  7  8  9 10 11 |
---------------+----------------------------------+-----
Axes           | 3 4 5 6 7 9 11 13 14 | 14.0
Fighting       | 4 9 11 12 | 12.7
Invocations    | 5 8 9 |  9.6
Armour         | 4 6 |  6.1
Shields        | |  3.2

Action                   |  1- 3 |  4- 6 |  7- 9 | 10-12 || total
-------------------------+-------+-------+-------+-------++-------
Melee: War axe           |   131 |   142 |   473 |   335 ||  1081
       Broad axe         |       |       |       |    50 ||    50
Throw: Tomahawk          |       |       |    10 |       ||    10
       Javelin           |       |       |     1 |       ||     1
Invok: Heroism           |       |       |     2 |     4 ||     6
       Finesse           |       |       |       |     1 ||     1
  Use: Potion            |       |       |     3 |     9 ||    12
       Scroll            |       |       |     1 |     1 ||     2
  Eat: Chunk             |     2 |     7 |    17 |     7 ||    33
Armor: Scale mail        |    67 |    33 |       |       ||   100
       Chain mail        |       |    13 |   164 |       ||   177
       Plate armour      |       |       |    30 |   170 ||   200
Dodge: Dodged            |    47 |    30 |    68 |    43 ||   188
Block: Shield            |    71 |    43 |   188 |   128 ||   430
